 Dungeon Crawl Stone Soup version 0.21-a0-531-gacddea6133 (webtiles) character file.

15320 JackS81 the Covert (level 12, -2/99 HPs)
             Began as a Naga Enchanter on Dec 11, 2017.
             Was an Elder of Dithmenos.
             Slain by a swamp worm (8 damage)
             ... on level 2 of the Lair of Beasts on Dec 12, 2017.
             The game lasted 01:34:45 (18329 turns).

JackS81 the Covert (Naga Enchanter)                Turns: 18329, Time: 01:34:45

Health: -2/99      AC:  8    Str: 10    XL:     12   Next: 25%
Magic:  12/20      EV: 12    Int: 16    God:    Dithmenos [****..]
Gold:   643        SH:  4    Dex: 17    Spells: 6/22 levels left

rFire    . . .     SeeInvis +   p - +3 dagger (venom)
rCold    + . .     Gourm    .   (no shield)
rNeg     . . .     Faith    .   T - +1 robe {rC+}
rPois    +         Spirit   .   J - +1 helmet
rElec    .         Reflect  .   (no cloak)
rCorr    .         Harm     .   (no gloves)
MR       ++...                  (no barding)
Stlth    ++++++++..             (no amulet)
HPRegen  0.26/turn              L - ring of wizardry
MPRegen  0.17/turn              s - +1 ring of slaying

@: wreathed by umbra, very slow
A: large, large bone plates 1, see invisible, deformed body, magic resistance 1,
poison resistance, slowness 2, slow metabolism 1, spit poison 1, AC +4
a: Spit Poison, Shadow Step, Renounce Religion


You were on level 2 of the Lair of Beasts.
You worshipped Dithmenos.
Dithmenos was greatly pleased with you.
You were hungry.

You visited 2 branches of the dungeon, and saw 13 of its levels.

You collected 713 gold pieces.
You spent 70 gold pieces at shops.

Inventory:

Hand Weapons
 a - a +1 dagger
 i - a +3 dagger
 p - a +3 dagger of venom (weapon)
 y - a +0 blowgun
Missiles
 h - 57 sling bullets
 u - 47 poisoned needles
Armour
 J - a +1 helmet (worn)
 T - a +1 robe of cold resistance (worn)
Magical Staves
 U - an uncursed staff of conjuration
Jewellery
 b - an uncursed ring of poison resistance
 n - an uncursed ring of protection from cold
 s - a +1 ring of slaying (right hand)
 t - an uncursed ring of protection from cold
 v - the amulet of Jiorostu {Inacc *Contam rF+ Int+5}
   (You found it on level 8 of the Dungeon)

   [amulet of inaccuracy]

   It reduces the accuracy of all your attacks.
   It affects your intelligence (+5).
   It protects you from fire.
   It causes magical contamination when unequipped.
 H - a +2 ring of intelligence
 L - a ring of wizardry (left hand)
 N - a +4 ring of intelligence
 O - an uncursed ring of wizardry
Wands
 R - a wand of enslavement (20)
Scrolls
 e - 2 scrolls of magic mapping
 k - 7 scrolls of teleportation
 m - 5 scrolls of remove curse
 q - 7 scrolls of identify
 r - 3 scrolls of fear
 z - 4 scrolls of amnesia
 A - 3 scrolls of immolation
 B - a scroll of blinking
 D - a scroll of enchant armour
 E - a scroll of fog
Potions
 c - a potion of haste {unknown}
 l - a potion of might
 o - a potion of mutation
 w - a potion of flight
 F - 4 potions of curing
 I - a potion of magic {unknown}
 K - 4 potions of agility
Books
 x - a book of Maledictions

   Spells                             Type                      Level
   a - Corona                         Hexes                        1
   b - Ensorcelled Hibernation        Hexes/Ice                    2
   c - Confuse                        Hexes                        3
   d - Tukima's Dance                 Hexes                        3
   e - Dazzling Spray                 Conjuration/Hexes            3
 C - a book of Cantrips

   Spells                             Type                      Level
   a - Confusing Touch                Hexes                        1
   b - Animate Skeleton               Necromancy                   1
   c - Summon Small Mammal            Summoning                    1
   d - Apportation                    Translocation                1
 P - a book of Minor Magic

   Spells                             Type                      Level
   a - Magic Dart                     Conjuration                  1
   b - Blink                          Translocation                2
   c - Call Imp                       Summoning                    2
   d - Slow                           Hexes                        2
   e - Conjure Flame                  Conjuration/Fire             3
   f - Mephitic Cloud                 Conjuration/Poison/Air       3
Miscellaneous
 G - a phantom mirror
Comestibles
 d - 14 bread rations
 f - 3 meat rations
 g - 9 royal jellies


   Skills:
 + Level 4.0 Fighting
 * Level 8.2 Short Blades
 + Level 5.1 Armour
 + Level 4.0 Dodging
 + Level 13.6 Stealth
 + Level 5.6 Spellcasting
 + Level 9.5 Hexes
 - Level 1.2 Translocations
 - Level 1.1 Ice Magic
 * Level 0.7 Air Magic
 * Level 1.4 Poison Magic
 * Level 7.0 Invocations
 * Level 1.3 Evocations


You had 6 spell levels left.
You knew the following spells:

 Your Spells              Type           Power        Failure   Level  Hunger
b - Ensorcelled Hibernat  Hex/Ice        ###...       1%          2    #......
c - Tukima's Dance        Hex            #####...     1%          3    ##.....
d - Confuse               Hex            #####...     1%          3    ##.....
e - Dazzling Spray        Conj/Hex       ###...       2%          3    ##.....
f - Blink                 Tloc           N/A          5%          2    #......
g - Mephitic Cloud        Conj/Pois/Air  #.......     13%         3    ##.....


Dungeon Overview and Level Annotations

Branches:
Dungeon (11/15)            Temple (0/1) D:7            Lair (2/6) D:11
  Swamp (0/4) Lair:2        Snake (0/4) Lair:2
    Orc: D:9-12

Altars:
Cheibriados
Dithmenos
Fedhas
Kikubaaqudgha
Makhleb
Nemelex Xobeh
Uskayaw
Wu Jian
Xom
Zin

Shops:
D:4 !

Annotations:
D:3 exclusion: oklob plant
D:4 2 transporters


Innate Abilities, Weirdness & Mutations

You cannot wear boots.
Your serpentine skin is tough. (AC +4)
You have supernaturally acute eyesight. (SInv)
Armour fits poorly on your strangely shaped body.
Your system is resistant to poisons. (rPois)
You cover ground very slowly.
You have a slow metabolism.
You can spit poison.
You are partially covered in large bone plates. (SH +4)
You are resistant to hostile enchantments. (MR+)


Message History

Okay, then.
You feel much better. The swamp worm barely misses you.
The swamp worm bites you!
Casting: Confuse
Confirm with . or Enter, or press ? or * to list all spells.
Aiming: Confuse
Press: ? - help, Shift-Dir - straight line, f - electric eel
Aim: an electric eel (thin mist, water, moderately wounded, poisoned, umbra, chance to defeat MR: 71%)
The electric eel appears confused.
Your shadow mimicks your spell!
The electric eel appears confused.
You are feeling hungry.
The swamp worm bites you!
* * * LOW HITPOINT WARNING * * *
The swamp worm bites you!
* * * LOW HITPOINT WARNING * * *
You feel much better. The swamp worm bites you!!
* * * LOW HITPOINT WARNING * * *
The swamp worm bites you!
You die...

..#.#####............#...#
......#............##....#
#..#..............####...##
#..#.............P# #.....#
###..............## ##....#
P......♣♣♣♣♣♣♣♣..# ##...P#
..♣♣♣♣♣♣♣♣♣♣♣♣♣♣♣♣♣ #P....#
## ♣♣♣≈≈≈♣≈≈≈≈≈♣≈≈§w§♣
##....# #.
.......♣H♣)..♣§§@;♣ ♣#....#
##. ...♣.♣........§§w§♣
♣P...)#####..
♣♣♣≈≈≈≈≈♣≈≈≈≈≈♣§§§♣
♣#....##....#
..♣♣♣♣♣♣♣♣♣♣♣♣♣♣♣♣♣
#.........#. #......♣
#..♣###........### .#.#.##♣
#...##...<.....## ######
#.#.##........#.#
##...##......####
#.#...#....#.###


You could see 2 swamp worms and an electric eel (confused).

Vanquished Creatures
  Snorg (D:10)
  A hydra (Lair:2)
  2 two-headed ogres (D:9)
  Nergalle (D:10)
  An unseen horror (D:11)
  A black mamba (Lair:2)
  Psyche (D:11)
  A spiny frog (Lair:2)
  A gargoyle (D:10)
  A rime drake (Lair:2)
  A troll (D:10)
  2 hippogriffs
  2 dancing weapons
  A vampire (D:10)
  A human (D:11)
  13 yaks
  3 steam dragons
  A wyvern (D:9)
  A hungry ghost (D:10)
  3 hogs (D:11)
  2 swamp worms (Lair:2)
  2 porcupines
  3 sky beasts
  An ice beast (D:5)
  3 orc warriors
  3 ogres
  A necrophage (D:5)
  2 black bears
  5 centaurs
  5 crocodiles
  2 big kobolds
  14 bullfrogs
  2 wyvern skeletons
  3 scorpions
  2 wights (D:9)
  2 bullfrog zombies
  5 crimson imps
  4 centaur zombies
  9 hounds
  8 orc priests
  A centaur skeleton (D:11)
  7 jellies
  14 orc wizards
  2 quasits
  2 bullfrog skeletons
  A gnoll shaman (D:6)
  4 iguanas
  Terence (D:3)
  7 worker ants
  2 hound zombies
  2 hound skeletons
  4 worker ant zombies
  7 gnolls
  11 adders
  2 shadow imps
  3 oozes
  2 adder skeletons
  An adder zombie (D:8)
  A worm (D:8)
  A dart slug (D:4)
  4 leopard geckos
  34 orcs
  2 bats
  2 giant cockroaches
  3 hobgoblins (D:3)
  5 jackals
  9 kobolds
  4 quokkas
  2 ball pythons (D:3)
  5 frilled lizards
  A giant cockroach zombie (D:5)
  7 goblins
  A leopard gecko skeleton (D:5)
  6 rats
277 creatures vanquished.

Vanquished Creatures (collateral kills)
  A two-headed ogre (D:8)
  3 orc warriors
  A wight (D:9)
  An orc priest (D:9)
  A gnoll (D:10)
  2 orcs
9 creatures vanquished.

Vanquished Creatures (others)
  5 dream sheep (D:7)
  4 dancing weapons
  An orc wizard (D:6)
10 creatures vanquished.

Grand Total: 296 creatures vanquished

Notes
Turn   | Place    | Note
-------+----------+-------------------------------------------
     0 | D:1      | JackS81 the Naga Enchanter began the quest for the Orb.
     0 | D:1      | Reached XP level 1. HP: 15/15 MP: 3/3
   180 | D:1      | Reached XP level 2. HP: 14/22 MP: 1/5
   698 | D:1      | Reached skill level 5 in Stealth
   918 | D:1      | Learned a level 2 spell: Ensorcelled Hibernation
  1028 | D:2      | Found a burning altar of Makhleb.
  1409 | D:2      | Reached skill level 6 in Stealth
  1409 | D:2      | Reached XP level 3. HP: 17/28 MP: 3/6
  1525 | D:2      | Learned a level 3 spell: Tukima's Dance
  1628 | D:2      | Reached XP level 4. HP: 35/36 MP: 1/7
  2185 | D:3      | Noticed Terence
  2209 | D:3      | Killed Terence
  2209 | D:3      | Reached XP level 5. HP: 25/42 MP: 2/8
  2378 | D:3      | Found a blossoming altar of Fedhas.
  2395 | D:3      | Noticed an oklob plant
  2450 | D:3      | Found a hide-covered altar of Uskayaw.
  2453 | D:3      | Found an ornate altar of the Wu Jian Council.
  2459 | D:3      | Reached skill level 7 in Stealth
  2459 | D:3      | Reached skill level 1 in Ice Magic
  3009 | D:4      | Found a sparkling altar of Nemelex Xobeh.
  3035 | D:4      | Found a transporter.
  3051 | D:4      | Found a shadowy altar of Dithmenos.
  3079 | D:4      | Found a glowing silver altar of Zin.
  3091 | D:4      | HP: 1/42 [orc wizard/puff of flame (7)]
  3103 | D:4      | Reached XP level 6. HP: 9/49 MP: 4/9
  3425 | D:4      | Found Fudyaki's Distillery.
  3435 | D:4      | Bought a potion of heal wounds for 70 gold pieces
  3580 | D:4      | Found a transporter.
  3700 | D:4      | Reached skill level 8 in Stealth
  3706 | D:4      | HP: 1/49 [orc/flail (5)]
  4538 | D:4      | Learned a level 3 spell: Confuse
  4557 | D:4      | Became a worshipper of Dithmenos the Shadowed
  4584 | D:5      | Entered Level 5 of the Dungeon
  4598 | D:5      | Noticed an ice beast
  4610 | D:5      | Noticed a necrophage
  4621 | D:5      | Killed a necrophage
  4621 | D:5      | Reached XP level 7. HP: 49/55 MP: 6/11
  4872 | D:5      | Reached skill level 5 in Hexes
  4893 | D:5      | Learned a level 3 spell: Dazzling Spray
  5298 | D:5      | Noticed a hungry ghost
  5328 | D:5      | Reached XP level 8. HP: 31/63 MP: 1/13
  5481 | D:5      | Reached skill level 1 in Fighting
  5514 | D:5      | Found an ancient bone altar of Kikubaaqudgha.
  5808 | D:5      | Reached * piety under Dithmenos
  6068 | D:5      | Found a snail-covered altar of Cheibriados.
  6502 | D:6      | Reached skill level 5 in Short Blades
  6953 | D:6      | Reached skill level 9 in Stealth
  7144 | D:6      | Reached XP level 9. HP: 70/73 MP: 13/16
  7199 | D:6      | Gained mutation: You are resistant to hostile enchantments. (MR+) [potion of mutation]
  7199 | D:6      | Gained mutation: You are partially covered in large bone plates. (SH +4) [potion of mutation]
  7442 | D:6      | Reached ** piety under Dithmenos
  7501 | D:6      | Reached skill level 1 in Invocations
  7896 | D:6      | Reached skill level 1 in Armour
  8305 | D:7      | Found a shimmering altar of Xom.
  8420 | D:7      | Found a staircase to the Ecumenical Temple.
  8663 | D:8      | Noticed a two-headed ogre
  8676 | D:8      | Killed a two-headed ogre
  8676 | D:8      | Reached skill level 10 in Stealth
  8813 | D:8      | Got a bound jade amulet
  8814 | D:8      | Identified the amulet of Jiorostu {Inacc *Contam rF+ Int+5} (You found it on level 8 of the Dungeon)
  9399 | D:8      | Found a snail-covered altar of Cheibriados.
  9745 | D:9      | Noticed a two-headed ogre
  9754 | D:9      | Killed a two-headed ogre
  9754 | D:9      | Reached XP level 10. HP: 49/81 MP: 9/17
 10115 | D:9      | Noticed a two-headed ogre
 10122 | D:9      | Killed a two-headed ogre
 10122 | D:9      | Reached skill level 11 in Stealth
 11610 | D:9      | Reached *** piety under Dithmenos
 12328 | D:10     | Entered Level 10 of the Dungeon
 12346 | D:9      | Upgraded the game from 0.21-a0-529-g8c7b3f5d53 to 0.21-a0-531-gacddea6133
 12398 | D:10     | Noticed Nergalle
 12564 | D:10     | Noticed Snorg
 12618 | D:10     | Killed Snorg
 12618 | D:10     | Reached skill level 12 in Stealth
 12618 | D:10     | Reached skill level 5 in Invocations
 12618 | D:10     | Reached XP level 11. HP: 90/90 MP: 11/18
 12796 | D:10     | Killed Nergalle
 13655 | D:10     | Learned a level 2 spell: Blink
 14384 | D:11     | Noticed Psyche
 14391 | D:11     | Killed Psyche
 14506 | D:11     | Reached **** piety under Dithmenos
 14728 | D:11     | Learned a level 3 spell: Mephitic Cloud
 14857 | D:11     | Noticed an unseen horror
 14903 | D:11     | Killed an unseen horror
 14903 | D:11     | Reached skill level 1 in Translocations
 15059 | D:11     | Reached skill level 13 in Stealth
 15066 | D:11     | Reached skill level 5 in Spellcasting
 15295 | D:11     | Found a staircase to the Lair.
 15992 | Lair:1   | Entered Level 1 of the Lair of Beasts
 16880 | Lair:1   | Reached XP level 12. HP: 99/99 MP: 17/20
 16971 | Lair:1   | Reached skill level 5 in Armour
 17406 | Lair:2   | Noticed a four-headed hydra
 17418 | Lair:2   | Killed a four-headed hydra
 17748 | Lair:2   | Reached skill level 1 in Poison Magic
 17802 | Lair:2   | Identified the cursed +0 plate armour "Muchon" {+Inv} (You found it on level 2 of the Lair of Beasts)
 17886 | Lair:2   | Identified the +5 scale mail "Pyisam" {rF+} (You found it on level 2 of the Lair of Beasts)
 18084 | Lair:2   | Found a staircase to the Snake Pit.
 18221 | Lair:2   | Reached skill level 1 in Evocations
 18304 | Lair:2   | Found a staircase to the Swamp.
 18329 | Lair:2   | Slain by a swamp worm

Vault maps used:
D:1:      dpeg_arrival_court, kennysheep_doodads
D:2:      hangedman_decor_lopped, bloody_makhleb
D:3:      chequers_temple_overflow_statue_of_worship, tgw_fedhas, first_bread,
          uniq_terence
D:4:      gammafunk_steamed_eel, kennysheep_mini_moat, old_standard_altar,
          nicolae_dithmenos_through_a_glass_darkly, serial_shops,
          nicolae_shop_crystal
D:5:      cheibrodos_fzero, kiku_gazebo_garden_becter, marbit_many_paths
D:7:      minmay_temple_entry_grid, kb_xom_exploding_sheep
D:8:      grunt_ministairs_10, cheibrodos_worm_habitat
D:9:      serial_park_tiny_1
D:10:     kennysheep_steamy, uniq_nergalle, uniq_snorg
D:11:     lair_entry_dummy, grunt_livestock, uniq_psyche
Lair:2:   nicolae_swamp_entry_splash_gauntlet, dummy_snake_entry

Skill      XL: |  1  2  3  4  5  6  7  8  9 10 11 12 |
---------------+-------------------------------------+-----
Stealth        | 6 7 8 9 10 12 13 | 13.6
Short Blades   | 2 3 4 5 6 7 8 |  8.2
Ice Magic      | 1 |  1.1
Hexes          | 4 5 6 7 8 9 |  9.5
Spellcasting   | 3 4 5 |  5.6
Dodging        | 2 3 4 |  4.0
Fighting       | 2 3 4 |  4.0
Invocations    | 3 5 6 7 |  7.0
Armour         | 2 3 4 5 |  5.1
Translocations | 1 |  1.2
Poison Magic   | 1 |  1.4
Evocations     | 1 |  1.3
Air Magic      | |  0.7

Action                   |  1- 3 |  4- 6 |  7- 9 | 10-12 || total
-------------------------+-------+-------+-------+-------++-------
Melee: Dagger            |    43 |   104 |   258 |   425 ||   830
 Fire: Blowgun           |       |       |    10 |     4 ||    14
Throw: Tomahawk          |       |     1 |     4 |       ||     5
 Cast: Corona            |     4 |     1 |     1 |       ||     6
       Ensorcelled Hiber |     7 |    23 |    26 |    94 ||   150
       Tukima's Dance    |       |     4 |     8 |    18 ||    30
       Confuse           |       |     1 |    22 |    81 ||   104
       Dazzling Spray    |       |       |     9 |     4 ||    13
 Abil: Spit Poison       |       |     3 |     4 |     2 ||     9
  Use: Potion            |       |     6 |     6 |     5 ||    17
       Scroll            |       |     3 |     2 |    16 ||    21
 Stab: Sleeping          |    16 |    14 |    36 |    60 ||   126
       Distracted        |       |     1 |       |       ||     1
       Confused          |       |     2 |     4 |    34 ||    40
       Invisible         |       |       |     2 |       ||     2
  Eat: Chunk             |     2 |     6 |    12 |    22 ||    42
       Bread ration      |       |     1 |       |       ||     1
       Fruit             |       |       |     1 |     2 ||     3
       Meat ration       |       |       |     1 |     1 ||     2
Armor: Robe              |     5 |    11 |    51 |    48 ||   115
Dodge: Dodged            |    20 |    73 |   119 |   195 ||   407
Block: Other             |       |       |     8 |    64 ||    72

Table legend:
 A = Spawn XP
 B = Non-spawn XP
 C = Spawn XP percentage of total XP
 D = Spawn monster count
 E = Non-spawn monster count
 F = Spawn count percentage of total count
 G = Total turns spent on level
                    A         B        C        D         E        F      G
               +---------+---------+-------+---------+---------+-------+---------
         Total |       0 |   21887 |   0.0 |       0 |     284 |   0.0 | 18329
               +---------+---------+-------+---------+---------+-------+---------
           D:1 |       0 |      20 |   0.0 |       0 |      13 |   0.0 |   929
           D:2 |       0 |      94 |   0.0 |       0 |      16 |   0.0 |  1136
           D:3 |       0 |     188 |   0.0 |       0 |      20 |   0.0 |   892
           D:4 |       0 |     294 |   0.0 |       0 |      13 |   0.0 |  1627
           D:5 |       0 |    1157 |   0.0 |       0 |      31 |   0.0 |  1757
           D:6 |       0 |    1232 |   0.0 |       0 |      33 |   0.0 |  1687
           D:7 |       0 |     320 |   0.0 |       0 |       6 |   0.0 |   753
           D:8 |       0 |    1794 |   0.0 |       0 |      17 |   0.0 |  1714
           D:9 |       0 |    3337 |   0.0 |       0 |      45 |   0.0 |  2044
          D:10 |       0 |    4475 |   0.0 |       0 |      27 |   0.0 |  1693
          D:11 |       0 |    4157 |   0.0 |       0 |      40 |   0.0 |  2476
        Lair:1 |       0 |    1639 |   0.0 |       0 |      11 |   0.0 |   698
        Lair:2 |       0 |    3180 |   0.0 |       0 |      12 |   0.0 |   923
               +---------+---------+-------+---------+---------+-------+---------
